 Dungeon Crawl Stone Soup version 0.24.0-37-gcf1ca852f1 (webtiles) character file.

Game seed: 16984017771019231553, levelgen mode: deterministic

218 grindst0ne the Charlatan (level 5, -1/41 HPs)
             Began as a Gnoll Wanderer on Dec 1, 2019.
             Slain by Crazy Yiuf
             ... wielding a +3 quarterstaff of chaos
              (12 damage)
             ... on level 3 of the Dungeon.
             The game lasted 00:06:36 (3849 turns).

grindst0ne the Charlatan (Gnoll Wanderer)           Turns: 3849, Time: 00:06:37

Health: -1/41      AC: 12    Str: 15    XL:     5   Next: 95%
Magic:  8/8        EV:  9    Int: 17    God:
Gold:   150        SH:  0    Dex: 12    Spells: 5/7 levels left

rFire    + + .     SeeInvis .   g - +0 mace
rCold    x . .     Gourm    .   (no shield)
rNeg     . . .     Faith    .   l - +2 fire dragon scales
rPois    .         Spirit   .   (no helmet)
rElec    .         Reflect  .   (no cloak)
rCorr    .         Harm     .   (no gloves)
MR       .....                  (no boots)
Stlth    ..........             (no amulet)
HPRegen  0.13/turn              p - +1 ring of protection
MPRegen  0.11/turn              w - ring of flight

@: lightly drained
A: distributed training, fangs 1, strong nose
a: Evoke Flight


You were on level 3 of the Dungeon.
You were hungry.

You visited 1 branch of the dungeon, and saw 3 of its levels.

You collected 150 gold pieces.

Inventory:

Hand Weapons
 a - a +0 club
 g - a +0 mace (weapon)
Missiles
 x - 4 atropa-tipped darts (quivered)
Armour
 b - a +0 ring mail
 l - +2 fire dragon scales (worn)
 o - a +0 leather armour of fire resistance
 y - a +3 scale mail
Jewellery
 p - a +1 ring of protection (left hand)
 w - a ring of flight (right hand)
Wands
 c - a wand of random effects (15)
 e - a wand of flame (3)
Scrolls
 j - 3 scrolls of fog
 k - 2 scrolls of remove curse
 m - 2 scrolls of enchant weapon
 q - a scroll of fear
 r - a scroll of magic mapping
 t - 2 scrolls of immolation
Potions
 d - a potion of magic
 n - a potion of resistance
Comestibles
 f - 7 rations
 s - 4 chunks of flesh


   Skills:
 + Level 3.1(2.8) Fighting
 + Level 1.6(1.4) Short Blades
 + Level 1.6(1.4) Long Blades
 + Level 1.6(1.4) Axes
 + Level 1.6(1.4) Maces & Flails
 + Level 1.6(1.4) Polearms
 + Level 1.6(1.4) Staves
 + Level 1.6(1.4) Slings
 + Level 4.8(4.6) Bows
 + Level 1.6(1.4) Crossbows
 + Level 1.6(1.4) Throwing
 + Level 4.8(4.6) Armour
 + Level 1.6(1.4) Dodging
 + Level 1.6(1.4) Stealth
 + Level 1.6(1.4) Shields
 + Level 1.6(1.4) Unarmed Combat
 + Level 1.6(1.4) Spellcasting
 + Level 1.3(1.1) Conjurations
 + Level 1.3(1.1) Hexes
 + Level 2.5(2.2) Charms
 + Level 1.3(1.1) Summonings
 + Level 1.3(1.1) Necromancy
 + Level 4.0(3.8) Translocations
 + Level 1.3(1.1) Transmutations
 + Level 1.3(1.1) Fire Magic
 + Level 1.3(1.1) Ice Magic
 + Level 1.3(1.1) Air Magic
 + Level 1.3(1.1) Earth Magic
 + Level 1.3(1.1) Poison Magic
 + Level 1.9(1.6) Invocations
 + Level 4.8(4.6) Evocations


You had 5 spell levels left.
You knew the following spells:

 Your Spells              Type           Power        Failure   Level  Hunger
a - Blink                 Tloc           N/A          30%         2    ###....

Your spell library contained the following spells:

 Spells                   Type           Power        Failure   Level  Hunger
 Shroud of Golubria       Chrm/Tloc      ##....       38%         2    ###....
 Gell's Gravitas          Tloc           ##........   52%         3    ####...
 Lesser Beckoning         Tloc           ##........   52%         3    ####...
 Teleport Other           Tloc           ##......     52%         3    ####...
 Passage of Golubria      Tloc           N/A          89%         4    #####..


Dungeon Overview and Level Annotations

Branches:
Dungeon (3/15)

Altars:
Ru

Annotations:
D:3 2 transporters, Crazy Yiuf; TrebMcFLY's ghost, amateur DDFi


Innate Abilities, Weirdness & Mutations

Your experience applies equally to all skills.
You have very sharp teeth.
Your uncanny sense of smell can sniff out nearby items.


Message History

Crazy Yiuf cries, "You leg down broken song, no?"
Your magical contamination has completely faded away.
Crazy Yiuf screams, "Sif Muna sow head!"
Crazy Yiuf says, "You!"
Crazy Yiuf screams, "Prologue meccalolo ragdoll!"
Crazy Yiuf laughs, "Two!
Shower green return to song."
Crazy Yiuf barely misses you.
Evoke which item? (* to show all) (? for menu, Esc to quit)
Aiming: Throw Flame
Press: ? - help, Shift-Dir - straight line, f/p - Crazy Yiuf
Aim: Crazy Yiuf, wielding a +3 quarterstaff of chaos and wearing a +0 cloak The puff of flame hits Crazy Yiuf!
Crazy Yiuf is heavily wounded.
You barely miss Crazy Yiuf.
Crazy Yiuf is heavily wounded.
Crazy Yiuf cries, "Cards seventy ragdoll!"
Crazy Yiuf hits you with a +3 quarterstaff of chaos.
* * * LOW HITPOINT WARNING * * *
You are electrocuted!
You die...

.###.#############.# #.#
..##...............# #.#
.######.########.### #####.# ..#
#.# #.# #.....# #.# #.# #.#
#.##.##### #.# #.# #.# #.#.#)....
#.# #.# #.# #.##.##### #.# #.#
#g# #.##.#.... #.# #.########@#
#.##.#.### #.# ###..........#
#.##.#.#
#.###.....##############....#.#
#.............................###
................########.........
#####.....#####.# #.########
#.....# #.# #.# ##### #######
##.## #.# #.... ##...## #.# #.###


You could see Crazy Yiuf.

Vanquished Creatures
  Terence (D:3)
  Natasha (D:3)
  An iguana (D:3)
  An orc wizard (D:3)
  A hound zombie (D:2)
  2 adders (D:3)
  2 oozes (D:1)
  A worm (D:3)
  2 leopard geckos
  3 orcs (D:3)
  4 giant cockroaches
  4 goblins
  5 hobgoblins
  3 jackals (D:3)
  A quokka (D:3)
  4 bats
  7 frilled lizards
  4 kobolds
  6 rats
53 creatures vanquished.

Vanquished Creatures (others)
  Natasha (D:3)
  A kobold (D:3)
2 creatures vanquished.

Grand Total: 55 creatures vanquished

Notes
Turn   | Place    | Note
-------+----------+-------------------------------------------
     0 | D:1      | grindst0ne the Gnoll Wanderer began the quest for the Orb.
     0 | D:1      | grindst0ne set off with the following items: a +0 club, a
                  | +0 ring mail, a wand of random effects (15), a ration; and
                  | the following spells available to memorise: Blink, Shroud
                  | of Golubria, Gell's Gravitas, Lesser Beckoning, Teleport
                  | Other, Passage of Golubria
     0 | D:1      | Reached XP level 1. HP: 17/17 MP: 3/3
   166 | D:1      | Reached XP level 2. HP: 22/23 MP: 5/5
   656 | D:1      | Learned a level 2 spell: Blink
   861 | D:2      | Found a faded altar of an unknown god.
   872 | D:2      | Reached XP level 3. HP: 28/28 MP: 6/6
  1052 | D:2      | Reached skill level 1 in Invocations
  1682 | D:2      | Found a sacrificial altar of Ru.
  1705 | D:3      | Found a transporter.
  1705 | D:3      | Noticed TrebMcFLY's ghost (amateur DDFi)
  1780 | D:3      | Reached skill level 1 in Short Blades
  1780 | D:3      | Reached skill level 1 in Long Blades
  1780 | D:3      | Reached skill level 1 in Axes
  1780 | D:3      | Reached skill level 1 in Maces & Flails
  1780 | D:3      | Reached skill level 1 in Polearms
  1780 | D:3      | Reached skill level 1 in Staves
  1780 | D:3      | Reached skill level 1 in Slings
  1780 | D:3      | Reached skill level 1 in Crossbows
  1780 | D:3      | Reached skill level 1 in Throwing
  1780 | D:3      | Reached skill level 1 in Dodging
  1780 | D:3      | Reached skill level 1 in Stealth
  1780 | D:3      | Reached skill level 1 in Shields
  1780 | D:3      | Reached skill level 1 in Unarmed Combat
  1780 | D:3      | Reached skill level 1 in Spellcasting
  1840 | D:3      | Reached XP level 4. HP: 3/34 MP: 7/7
  2214 | D:3      | Reached skill level 1 in Conjurations
  2214 | D:3      | Reached skill level 1 in Hexes
  2214 | D:3      | Reached skill level 1 in Summonings
  2214 | D:3      | Reached skill level 1 in Necromancy
  2214 | D:3      | Reached skill level 1 in Transmutations
  2214 | D:3      | Reached skill level 1 in Fire Magic
  2214 | D:3      | Reached skill level 1 in Ice Magic
  2214 | D:3      | Reached skill level 1 in Air Magic
  2214 | D:3      | Reached skill level 1 in Earth Magic
  2214 | D:3      | Reached skill level 1 in Poison Magic
  2423 | D:3      | Reached XP level 5. HP: 22/40 MP: 8/8
  2747 | D:3      | Noticed Natasha
  2798 | D:3      | Killed Natasha
  2998 | D:3      | Found a transporter.
  3105 | D:3      | Noticed Natasha
  3123 | D:3      | HP: 2/41 [Natasha (7)]
  3131 | D:3      | Killed Natasha
  3567 | D:3      | Noticed Terence
  3611 | D:3      | Killed Terence
  3750 | D:3      | Found a runed translucent door.
  3751 | D:3      | Noticed Crazy Yiuf
  3849 | D:3      | Slain by Crazy Yiuf

Levels and vault maps discovered:
D:1:      dpeg_arrival_connections, layout_basic
D:2:      layout_basic, nicolae_overflow_hidden_temple,
          chequers_ecumenical_altar_simple
D:3:      layout_loops_ring, gammafunk_ghost_mausoleum, first_ration,
          uniq_crazy_yiuf_cottage, uniq_terence, uniq_natasha

Skill      XL: |  1  2  3  4  5 |
---------------+----------------+-----
Charms         | 2 |  2.5
Invocations    | 1 |  1.9
Short Blades   | 1 |  1.6
Long Blades    | 1 |  1.6
Axes           | 1 |  1.6
Maces & Flails | 1 |  1.6
Polearms       | 1 |  1.6
Staves         | 1 |  1.6
Slings         | 1 |  1.6
Crossbows      | 1 |  1.6
Throwing       | 1 |  1.6
Dodging        | 1 |  1.6
Stealth        | 1 |  1.6
Shields        | 1 |  1.6
Unarmed Combat | 1 |  1.6
Spellcasting   | 1 |  1.6
Conjurations   | 1 |  1.3
Hexes          | 1 |  1.3
Summonings     | 1 |  1.3
Necromancy     | 1 |  1.3
Transmutations | 1 |  1.3
Fire Magic     | 1 |  1.3
Ice Magic      | 1 |  1.3
Air Magic      | 1 |  1.3
Earth Magic    | 1 |  1.3
Poison Magic   | 1 |  1.3
Fighting       | 3 |  3.1
Translocations | 4 |  4.0
Bows           | |  4.8
Armour         | |  4.8
Evocations     | |  4.8

Action                   |  1- 3 |  4- 6 || total
-------------------------+-------+-------++-------
Melee: Club              |   153 |   175 ||   328
       Bite              |    19 |    30 ||    49
       Punch             |       |     1 ||     1
       Mace              |       |    86 ||    86
Throw: Dart              |     1 |    28 ||    29
 Cast: Blink             |       |     1 ||     1
Evoke: Wand              |       |     1 ||     1
  Use: Scroll            |       |    10 ||    10
       Potion            |       |     8 ||     8
 Stab: Invisible         |       |     4 ||     4
  Eat: Chunk             |     3 |     7 ||    10
Armor: Ring mail         |    14 |       ||    14
       Fire dragon scale |    92 |   151 ||   243
       Skin              |       |     3 ||     3
Dodge: Dodged            |   101 |   146 ||   247
